 Dungeon Crawl Stone Soup version 0.29-a0-330-g52719c12eb (webtiles) character file.

Game seed: 9160550130086217906

147 kae the Magician (level 5, 0/29 HPs)
             Began as a Deep Elf Fire Elementalist on May 1, 2022.
             Engulfed by a cloud of steam (10 damage)
             ... on level 3 of the Dungeon.
             The game lasted 00:02:47 (2857 turns).

kae the Magician (Deep Elf Fire Elementalist)       Turns: 2857, Time: 00:02:47

Health: 0/29       AC:  2    Str:  5    XL:     5   Next: 7%
Magic:  9/13       EV: 13    Int: 22    God:
Gold:   184        SH:  0    Dex: 15    Spells: 6/12 levels left

rFire   . . .      SeeInvis .   n - +1 whip (drain)
rCold   . . .      Faith    .   (no shield)
rNeg    . . .      Spirit   .   a - +0 robe
rPois   .          Reflect  .   (no helmet)
rElec   .          Harm     .   (no cloak)
rCorr   .          Rampage  .   (no gloves)
Will    .....                   (no boots)
Stlth   +.........              (no amulet)
HPRegen 0.09/turn               (no ring)
MPRegen 0.13/turn               (no ring)

@: very slow
A: no striking features
a: no special abilities


You were on level 3 of the Dungeon.
You visited 1 branch of the dungeon, and saw 3 of its levels.

You collected 184 gold pieces.

Inventory:

Hand Weapons
 n - a +1 whip of draining (weapon)
 o - a +4 dagger
Armour
 a - a +0 robe (worn)
Jewellery
 k - an amulet of guardian spirit
Wands
 h - a wand of iceblast (9)
Scrolls
 c - a scroll of teleportation
 f - 3 scrolls of enchant weapon
 m - 3 scrolls of identify
Potions
 b - a potion of magic
 d - a potion of mutation
 e - a potion of cancellation
 g - 2 potions of berserk rage
 i - a potion of haste
 j - a potion of flight {unknown}
 l - a potion of curing {unknown}


   Skills:
 + Level 1.4 Fighting
 + Level 3.4 Dodging
 - Level 2.4 Stealth
 + Level 4.1 Spellcasting
 + Level 2.6 Conjurations
 + Level 4.1 Fire Magic


You had 6 spell levels left.
You knew the following spells:

 Your Spells              Type           Power      Damage    Failure   Level
a - Foxfire               Conj/Fire      76%        2x1d7     2%          1
b - Scorch                Fire           44%        2d7       3%          2
c - Conjure Flame         Conj/Fire      19%        6-21      9%          3

Your spell library contained the following spells:

 Spells                   Type           Power      Damage    Failure   Level
 Inner Flame              Hex/Fire       13%        N/A       14%         3
 Flame Wave               Conj/Fire      19%        2d6       28%         4


Dungeon Overview and Level Annotations

Branches:
Dungeon (3/15)

Altars:

Shops:
D:3 (


Message History

Moving in this stuff is going to be slow.
A quokka comes into view.
A giant cockroach comes into view.
Casting: Foxfire (safe; 2% risk of failure)
Confirm with . or Enter, or press ? or * to list all spells.
You conjure some foxfire!
The foxfire hits the giant cockroach but does no damage.
A quokka comes into view.
The foxfire hits the giant cockroach but does no damage.
Casting: Foxfire (safe; 2% risk of failure)
Confirm with . or Enter, or press ? or * to list all spells.
You conjure some foxfire!
The foxfire hits the giant cockroach.
You kill the giant cockroach!
The foxfire hits the quokka.
You kill the quokka!
Casting: Foxfire (safe; 2% risk of failure)
Confirm with . or Enter, or press ? or * to list all spells.
You conjure some foxfire!
The foxfire hits the quokka.
The quokka is heavily wounded.
The foxfire hits the quokka!
You kill the quokka!
You enter the shallow water.
Moving in this stuff is going to be slow.
A quokka comes into view.
You are engulfed in a cloud of scalding steam.
Casting: Foxfire (safe; 2% risk of failure)
Confirm with . or Enter, or press ? or * to list all spells.
You conjure some foxfire!
You are engulfed in a cloud of scalding steam.
You are engulfed in a cloud of scalding steam.
The foxfire hits the quokka.
The quokka is almost dead.
The foxfire hits the quokka.
You kill the quokka!
Why would you want to do that?
Casting: Foxfire (safe; 2% risk of failure)
Confirm with . or Enter, or press ? or * to list all spells.
You conjure some foxfire!
You are engulfed in a cloud of scalding steam.
You die...

..###.# ......#
.####.# #.#
.####.##### ##
..........# ..#
#####....#########†.#
#####.####≈≈≈≈≈≈vv†≈#
.........≈.≈≈≈≈.@§≈#
########..≈≈########
######


There were no monsters in sight!

Vanquished Creatures
  Jessica (D:3)
  4 adders (D:2)
  A worm (D:2)
  2 dart slugs (D:2)
  4 orcs (D:3)
  6 ball pythons
  5 endoplasms
  3 giant cockroaches
  8 hobgoblins
  6 kobolds
  3 quokkas (D:3)
  8 bats
  5 frilled lizards
  8 goblins
  5 rats
69 creatures vanquished.

Vanquished Creatures (others)
  231 foxfires
231 creatures vanquished.

Grand Total: 300 creatures vanquished

Notes
Turn   | Place    | Note
-------+----------+-------------------------------------------
     0 | D:1      | kae the Deep Elf Fire Elementalist began the quest for the
                  | Orb.
     0 | D:1      | Reached XP level 1. HP: 10/10 MP: 6/6
   178 | D:1      | Reached XP level 2. HP: 16/16 MP: 2/8
  1051 | D:2      | Reached XP level 3. HP: 16/20 MP: 5/9
  1054 | D:2      | Learned a level 2 spell: Scorch
  1058 | D:2      | Learned a level 3 spell: Conjure Flame
  1350 | D:2      | Reached skill level 1 in Fighting
  1496 | D:2      | Reached XP level 4. HP: 25/25 MP: 9/11
  2436 | D:3      | Found Quugigg's Weapon Shoppe.
  2594 | D:3      | Noticed Jessica
  2604 | D:3      | Killed Jessica
  2642 | D:3      | Reached XP level 5. HP: 22/29 MP: 5/13
  2857 | D:3      | Engulfed by a cloud of steam

Illustrated notes

Levels and vault maps discovered:
D:1:      scummos_arrival_forest, layout_basic, serial_forest,
          infiniplex_forest_fountain, infiniplex_forest_straight_2,
          infiniplex_forest_clump_small, infiniplex_forest_straight_2,
          infiniplex_forest_end_1, infiniplex_forest_straight_5
D:2:      layout_basic
D:3:      layout_basic, serial_shops, shop_statue,
          shapermc_ecumenical_altar_ellora, gup_sewer_entry_pipe,
          kennysheep_minor_cross, hangedman_abyss_or_decor_stabs,
          minmay_misc_feat_encased, nrook_loot_triangle,
          minmay_misc_feat_more_columns, hangedman_decor_slide_cut, uniq_jessica

Skill      XL: |  1  2  3  4 |
---------------+-------------+-----
Dodging        | 3 |  3.4
Fighting       | 1 |  1.4
Conjurations   | 2 |  2.6
Spellcasting   | 4 |  4.1
Fire Magic     | 4 |  4.1
Stealth        | |  2.4

Action                   |  1- 3 |  4- 6 || total
-------------------------+-------+-------++-------
Melee: Unarmed           |       |     1 ||     1
 Cast: Foxfire           |    76 |    61 ||   137
  Use: Scroll            |     4 |     3 ||     7
Armor: Robe              |     2 |     1 ||     3
Dodge: Dodged            |     9 |     8 ||    17

Table legend: (Time is in decaauts)
 A = Elapsed time spent in this place.
 B = Non-inter-level travel time spent in this place.
 C = Inter-level travel time spent in this place.
 D = Time resting spent in this place.
 E = Time spent auto-exploring this place.
 F = Levels seen in this place.
 G = Mean time per level.
                   A        B        C        D        E       F      G
               +--------+--------+--------+--------+--------+-----+--------+
         Total |   2859 |   2763 |     96 |      0 |   2093 |   3 |  953.0 |
       Dungeon |   2859 |   2763 |     96 |      0 |   2093 |   3 |  953.0 |
               +--------+--------+--------+--------+--------+-----+--------+

Top non-repeatable levels by time:
     D:2: 1287 daAuts
     D:1: 986 daAuts
     D:3: 585 daAuts
